AoeStats
← RuDo

Socotra

506150436Analyzed
2v2 RM · 20d ago on Sep 12, 2026· 10m 7s· 4 players
Game mode
Random Map
Map size
Tiny (2 player)
Population
200
Speed
Normal
Resources
Standard
Victory
Conquest
Starting age
Dark Age
Ending age
Imperial Age
RankedLock teamsTeams togetherTeam positionsShared explorationLock speedFull tech treeHidden civsTurbo modeCheats
Victory
Defeat
🇪🇸 Ethiopians · Spain
1057
+14
🇸🇪 Mongols · Sweden
1025
+16
🇦🇺 Malay · Australia
1085
-18
🇮🇳 Dravidians · India
955
-12
QuitTouchingMe
7:00 Loom
8:46 Feudal Age
10:23 Double-Bit Axe
RuDo
3:11 Loom
10:44 Feudal Age
°
0:31 Loom
10:39 Feudal Age
myne
6:28 Loom
11:14 Feudal Age
Connection lost

Rejoining the realm…

Still unreachable

The connection could not be restored.

Session expired

The server has moved on; the page needs a fresh start.